 Dungeon Crawl Stone Soup version 0.21.1-1-g345015f (webtiles) character file.

65 letownia2 the Conjurer (level 4, 0/24 HPs)
             Began as a Tengu Fire Elementalist on Mar 4, 2018.
             Succumbed to an adder's poison
             ... on level 3 of the Dungeon.
             The game lasted 00:03:51 (662 turns).

letownia2 the Conjurer (Tengu Fire Elementalist)     Turns: 662, Time: 00:03:51

Health: 0/24       AC:  3    Str:  9    XL:     4   Next: 14%
Magic:  2/8        EV: 11    Int: 16    God:
Gold:   45         SH:  0    Dex: 14    Spells: 6/7 levels left

rFire    . . .     SeeInvis +   (no weapon)
rCold    . . .     Gourm    .   (no shield)
rNeg     . . .     Faith    .   j - +0 leather armour
rPois    .         Spirit   .   (helmet restricted)
rElec    .         Reflect  .   (no cloak)
rCorr    .         Harm     .   (no gloves)
MR       .....     Rnd*Rage +   (boots unavailable)
Stlth    ++........             (no amulet)
HPRegen  0.08/turn              h - ring of see invisible
MPRegen  0.11/turn              g - ring of stealth

@: lethally poisoned (0 -> -1), heavily drained
A: beak, horns 1, talons 3, berserk 1, high mp 1, mutation resistance 1
a: no special abilities


You were on level 3 of the Dungeon.
You were not hungry.

You visited 1 branch of the dungeon, and saw 3 of its levels.

You collected 45 gold pieces.

Inventory:

Armour
 a - a +0 robe
 j - a +0 leather armour (worn)
Jewellery
 g - a ring of stealth (right hand)
 h - a ring of see invisible (left hand)
 i - an uncursed amulet of harm
Scrolls
 d - a scroll of identify {unknown}
 e - a scroll of teleportation {unknown}
 f - 2 scrolls of remove curse {unknown}
Books
 b - a book of Flames

   Spells                             Type                      Level
   a - Flame Tongue                   Conjuration/Fire             1
   b - Throw Flame                    Conjuration/Fire             2
   c - Conjure Flame                  Conjuration/Fire             3
   d - Inner Flame                    Hexes/Fire                   3
   e - Sticky Flame                   Conjuration/Fire             4
   f - Fireball                       Conjuration/Fire             5
Comestibles
 c - a ration
 k - a chunk of flesh


   Skills:
 - Level 2.1(1.0) Dodging
 - Level 2.0(0.8) Stealth
 - Level 2.0(0.8) Spellcasting
 + Level 5.0(3.8) Conjurations
 - Level 3.4(2.2) Fire Magic


You had 6 spell levels left.
You knew the following spells:

 Your Spells              Type           Power        Failure   Level  Hunger
a - Flame Tongue          Conj/Fire      ##...        10%         1    ##.....


Dungeon Overview and Level Annotations

Branches:
Dungeon (3/15)

Altars:


Innate Abilities, Weirdness & Mutations

You have a beak for a mouth.
You have claws for feet.
You have a pair of small horns on your head.
You tend to lose your temper in combat.
You have an increased reservoir of magic. (+10% MP)
You are somewhat resistant to further mutation.


Message History

* * * LOW HITPOINT WARNING * * *
You feel sick.
You climb downwards.
A worm comes into view.
Found 13 stones and a metallic white potion.
There is a stone staircase leading up here.
Unknown command.
Unknown command.
* * * LOW HITPOINT WARNING * * *
You feel sick.
You see here 13 stones.
You see here a metallic white potion.
l - a metallic white potion
* * * LOW HITPOINT WARNING * * *
You feel sick.
It was a potion of mutation.
You feel extremely strange.
You feel a little pissed off. A pair of horns grows on your head!
You feel more energetic.
You feel genetically stable.
Found a scroll labeled SUN BOTESMEA.
You die...

##### #####
#...#####.....
#######.........####..
#....<...w....@....?..
#.#####.#######+######
#..# #..# #..# #..#
#..# #..#


You could see a worm.

Vanquished Creatures
  4 adders
  A worm (D:2)
  A leopard gecko (D:2)
  An orc (D:3)
  A ball python (D:1)
  A giant cockroach (D:1)
  A goblin (D:1)
  4 hobgoblins
  A kobold (D:2)
  2 quokkas (D:2)
  3 bats (D:2)
  3 frilled lizards (D:2)
  A rat (D:2)
24 creatures vanquished.

Notes
Turn   | Place    | Note
-------+----------+-------------------------------------------
     0 | D:1      | letownia2 the Tengu Fire Elementalist began the quest for the Orb.
     0 | D:1      | Reached XP level 1. HP: 10/10 MP: 4/4
    32 | D:1      | Reached skill level 2 in Conjurations
    32 | D:1      | Reached XP level 2. HP: 11/15 MP: 1/6
    53 | D:1      | Reached skill level 3 in Conjurations
   265 | D:3      | Reached XP level 3. HP: 12/19 MP: 5/7
   464 | D:2      | Reached skill level 4 in Conjurations
   643 | D:2      | Reached skill level 5 in Conjurations
   643 | D:2      | Reached XP level 4. HP: 4/24 MP: 0/8
   654 | D:3      | HP: 1/24 [poisoned by an adder]
   659 | D:3      | Gained mutation: You tend to lose your temper in combat. [potion of mutation]
   659 | D:3      | Gained mutation: You have a pair of small horns on your head. [potion of mutation]
   659 | D:3      | Gained mutation: You have an increased reservoir of magic. (+10% MP) [potion of mutation]
   659 | D:3      | Gained mutation: You are somewhat resistant to further mutation. [potion of mutation]
   662 | D:3      | Succumbed to an adder's poison

Skill      XL: |  1  2  3 |
---------------+----------+-----
Conjurations   | 2 3 5 |  5.0
Dodging        | |  2.1
Stealth        | |  2.0
Spellcasting   | |  2.0
Fire Magic     | |  3.4

Action                   |  1- 3 |  4- 6 || total
-------------------------+-------+-------++-------
Melee: Unarmed           |     1 |       ||     1
 Cast: Flame Tongue      |    53 |       ||    53
  Use: Potion            |       |     1 ||     1
  Eat: Chunk             |     1 |       ||     1
Armor: Leather armour    |     4 |       ||     4
Dodge: Dodged            |    15 |       ||    15
